cohdb
Replays
Latest Replays
All Replays
Popular Replays
Top Player Replays
Match Explorer
How It Works
Community
CoH3 Stats
Reddit
Sign in to upload your games and track your stats! →
Sign in with Steam
Match 41712568
Unlisted
Match 41712568
Overview
Messages
Build Orders
End
Panzergrenadier Squad
Panzergrenadier Squad
Panzergrenadier Squad
Construct Light Support Kompanie
Selects Italian Infantry
Selects Guastatori Squad
Selects L6/40 Light Tank Combat Group
L6/40 Light Tank Combat Group
2.5-tonne Medical Truck
Fire Support Elements
Veteran Squad Leaders
Pak 38 Anti-tank Gun Team
Selects Towed Cannone da 105/28 Field Howitzer
Towed Cannone da 105/28 Field Howitzer
Construct Panzerarmee Kommand
Selects Sound the Alarm
Armored Reserves
suora
Tobis
Mo-J
Wheeler
BAOBAB
AitorEdy
oaksanti13
CiCRistoRyti
0
0
Comments
sign in to comment!
No comments posted yet!